omghax, neutral male scurrid Tourist ------------- |..d........| ...d@.......| --------- --- omghax the Rambler Experience level: 1 Strength: 12 Dexterity: 10 Constitution: 14 Intelligence: 14 Wisdom: 12 Charisma: 13 Health: 0(9) Energy: 2(2) Def: 0 Gold: 261 Moves: 34 Dungeon seed: BvWuwa5XXdKkRzXR Game ID: omghax_1498611172 Your Inventory: Coins $ - 261 gold pieces Weapons a - 38 uncursed +2 darts (in quiver) Armor e - a blessed +0 Hawaiian shirt (being worn) Comestibles b - an uncursed tin of kobold meat c - 2 uncursed candy bars d - an uncursed lembas wafer f - 3 uncursed food rations g - an uncursed carrot h - 4 uncursed tripe rations Scrolls j - a blessed scroll of magic mapping k - 3 uncursed scrolls of magic mapping Potions i - 2 uncursed potions of extra healing Wands n - an uncursed wand of secret door detection (0:11) Tools l - an uncursed expensive camera (0:81) m - an uncursed credit card o - an uncursed oil lamp (0:1127) Spells and supernatural/magical abilities: Name Level Category Fail Memory W - pray for help -- divine ? -- Your skills at the end: Miscellaneous Skills wands [Basic] Weapon Skills dart [Basic] Spellcasting Skills Final Attributes: You were devoutly aligned. You had infravision. You were very stealthy. You are dead. Vanquished creatures: a lichen Voluntary challenges: You went without food. You did not adorn yourself with jewelry or accessories. You did not cause conflict. You were not invisible. You did not have reflection. You were not displaced. You were an atheist. You never hit with a wielded weapon. You were a pacifist. You did not use tools. You did not use plumbed fixtures. You did not drink any magical draughts. You were illiterate. You never genocided any monsters. You never polymorphed an object. You never changed form. You used no wishes. You never split a pudding. You never wrote Elbereth's name. You never violated your personal moral code. Dungeon overview: The Dungeons of Doom: levels 1 to 14 Level 1 a long staircase Level 2 Level 3 a sink Level 4 Level 5 a general store Level 6 Level 7 a long staircase Level 8 Level 9 Level 10 a fountain Level 11 a fountain Level 12 Level 13 Level 14 <- You were here History has recorded: On T:1 you entered the Dungeons of Doom to retrieve the Amulet of Yendor! On T:4 you reached level 2 of The Dungeons of Doom. On T:7 you reached level 3 of The Dungeons of Doom. On T:9 you reached level 4 of The Dungeons of Doom. On T:11 you reached level 5 of The Dungeons of Doom. On T:13 you reached level 6 of The Dungeons of Doom. On T:16 you reached level 7 of The Dungeons of Doom. On T:18 you reached level 8 of The Dungeons of Doom. On T:20 you reached level 9 of The Dungeons of Doom. On T:22 you reached level 10 of The Dungeons of Doom. On T:26 you reached level 11 of The Dungeons of Doom. On T:28 you reached level 12 of The Dungeons of Doom. On T:31 you reached level 13 of The Dungeons of Doom. Score breakdown: Gold: 0 ( 0 points) Experience: 1 level ( 0 points) Exploration: 14 levels ( 390 points) Discoveries: 0 items ( 0 points) Variety of kills: 1 monster ( 50 points) Major goal: (nothing yet) ( 0 points) Survival: died (score multiplied by 3) Total score: 1320 Latest messages: You continue digging downward. You dig a pit in the floor. You continue digging downward. You dig a hole through the floor. You fall through... You receive a faint telepathic message from Twoflower: Your help is urgently needed at Ankh-Morpork! Look for a ...ic transporter. You couldn't quite make out that last message. You see here a tin. You start digging downward. You continue digging downward. You dig a pit in the floor. You continue digging downward. You dig a hole through the floor. You fall through... The adjacent object falls through the hole. You see here a tin. The warg bites! You start digging downward. The warg bites! You die... Final status: Aloha omghax the Tourist, killed by a warg... You died in The Dungeons of Doom on dungeon level 14 with 1320 points, and 261 pieces of gold, after 34 moves. You were level 1 with a maximum of 9 hit points when you died.